 Dungeon Sprint DCSS version 0.29.1-15-g9cfb28693d (webtiles) character file.

Game seed: 1881915222771924953

30 Groucho the Digger (level 3, -2/33 HPs)
             Began as a Troll Earth Elementalist on May 1, 2023.
             Was a Priest of Makhleb.
             Shot with an arrow by a centaur (11 damage)
             ... in the Dungeon (Sprint VII: "The Pits").
             The game lasted 00:01:43 (606 turns).

Groucho the Digger (Troll Earth Elementalist)        Turns: 606, Time: 00:01:44

Health: -2/33      AC:  4    Str: 18    XL:     3   Next: 5%
Magic:  2/4        EV: 10    Int: 11    God:    Makhleb [***...]
Gold:   0          SH:  0    Dex: 10    Spells: 4/5 levels left

rFire   . . .      SeeInvis .     - Unarmed
rCold   . . .      Faith    .   (no shield)
rNeg    . . .      Spirit   .   a - +0 robe
rPois   .          Reflect  .   (helmet restricted)
rElec   .          Harm     .   (no cloak)
rCorr   .          Rampage  .   (gloves unavailable)
Will    .....      NoTele   +   (boots unavailable)
Stlth   +.........              (no amulet)
HPRegen 0.91/turn               (no ring)
MPRegen 0.09/turn               (no ring)

@: lethally poisoned (-2 -> -3)
A: large, unfitting armour, claws 3, regeneration 1, shaggy fur 1, tough skin 1
a: Renounce Religion, Minor Destruction, Lesser Servant of Makhleb


You were in the Dungeon.
You worshipped Makhleb.
Makhleb was most pleased with you.
You visited 1 branch

Inventory:

Missiles
 i - 10 stones
Armour
 a - a +0 robe (worn)
Scrolls
 g - a scroll of blinking
 j - 5 scrolls of amnesia
 k - a scroll of summoning
Potions
 b - 5 potions of magic
 c - 6 potions of curing
 d - 6 potions of heal wounds
 e - a potion of haste
 f - 3 potions of berserk rage
 h - 2 potions of invisibility


   Skills:
 + Level 1.5 Fighting
 + Level 1.4 Armour
 + Level 2.4 Dodging
 - Level 1.0 Stealth
 + Level 2.0 Unarmed Combat
 + Level 1.9 Spellcasting
 - Level 0.6 Transmutations
 + Level 3.4 Earth Magic
 + Level 1.7 Invocations


You had 4 spell levels left.
You knew the following spells:

 Your Spells              Type           Power      Damage    Failure   Level
a - Sandblast             Erth           16%        2d6       8%          1

Your spell library contained the following spells:

 Spells                   Type           Power      Damage    Failure   Level
 Passwall                 Tmut/Erth      4%         N/A       21%         2
 Stone Arrow              Conj/Erth      8%         3d7       41%         3
 Petrify                  Tmut/Erth      5%         N/A       78%         4


Dungeon Overview and Level Annotations

Branches:
Dungeon (1/1)

Altars:
Ashenzari
Cheibriados
Dithmenos
Elyvilon
Fedhas
Gozag
Hepliaklqana
Kikubaaqudgha
Makhleb
Nemelex Xobeh
Okawaru
Qazlal
Ru
Sif Muna
Trog
Uskayaw
Vehumet
Wu Jian
Xom
Yredelemnul
Zin
The Shining One
Jiyva
Lugonu


Innate Abilities, Weirdness & Mutations

You are too large for most types of armour.
You have claws for hands.
Your natural rate of healing is unusually fast.
You are covered in fur. (AC +1)
You have tough skin. (AC +1)


Message History

You kill the jackal!
Makhleb accepts your kill.
You can now summon a lesser servant of Makhleb.
The centaur shouts!
You hear an angry hiss.
A water moccasin comes into view.
A jackal comes into view.
The jackal moves out of view.
You hear a bark!
Your Unarmed Combat skill increases to level 2!
Unknown command.
Unknown command.
Casting: Sandblast (safe; 8% risk of failure)
Confirm with . or Enter, or press ? or * to list all spells.
Aiming: Sandblast (safe; 8% risk of failure)
Press: ? - help, Shift-Dir - straight line, f - centaur
Aim: a centaur (88% to hit)
The blast of sand hits the water moccasin.
The water moccasin is moderately wounded.
The orc shouts!
The water moccasin bites you.
You are poisoned.
The water moccasin poisons you!
Unknown command.
You feel very sick.
You miss the water moccasin.
The water moccasin is lightly wounded.
You feel sick. The water moccasin bites you.
You claw the water moccasin!
The water moccasin is severely wounded.
You feel sick.
A jackal comes into view.
The water moccasin bites you. x2
The jackal barks!
You claw the water moccasin!
You kill the water moccasin!
Makhleb accepts your kill.
You feel better.
You feel sick.
The centaur wields a +0 shortbow.
The centaur shoots an arrow.
The arrow hits you!
* * * LOW HITPOINT WARNING * * *
The centaur shoots an arrow.
The arrow hits you!
You die...

#'#####'#####.....
#.#..#..#..##.....
#.#..'..รท..#####'#
#.##)####'###.....
#.#....)...##.....
#.#........##.....
#.#####'#####...<.
#.#...)))[.##.....
#@#...)))[.##.....
#'###########.....
#cO.O...# ######
#o###h..# #.# .#
#h# #.. #.. #..


You could see an ogre, a centaur, an orc and a jackal.

Vanquished Creatures
  A water moccasin (D)
  An adder (D)
  2 ufetubi (D)
  A ball python (D)
  A giant cockroach (D)
  A hobgoblin (D)
  A jackal (D)
  2 kobolds (D)
  A frilled lizard (D)
  A rat (D)
12 creatures vanquished.

Notes
Turn   | Place    | Note
-------+----------+-------------------------------------------
     0 | D        | Groucho the Troll Earth Elementalist began the quest for
                  | the Orb.
     0 | D        | Reached XP level 1. HP: 16/16 MP: 1/1
    42 | D        | Found a glowing golden altar of the Shining One.
    42 | D        | Found a glowing silver altar of Zin.
    42 | D        | Found a basalt altar of Yredelemnul.
    42 | D        | Found a shimmering altar of Xom.
    42 | D        | Found an ornate altar of the Wu Jian Council.
    42 | D        | Found a bloodstained altar of Trog.
    42 | D        | Found a shimmering blue altar of Sif Muna.
    42 | D        | Found a sacrificial altar of Ru.
    42 | D        | Found a stormy altar of Qazlal.
    42 | D        | Found an iron altar of Okawaru.
    42 | D        | Found a sparkling altar of Nemelex Xobeh.
    42 | D        | Found a burning altar of Makhleb.
    42 | D        | Found a viscous altar of Jiyva.
    42 | D        | Found a hazy altar of Hepliaklqana.
    42 | D        | Found an opulent altar of Gozag.
    42 | D        | Found a blossoming altar of Fedhas.
    42 | D        | Found a white marble altar of Elyvilon.
    42 | D        | Found a shadowy altar of Dithmenos.
    42 | D        | Found a snail-covered altar of Cheibriados.
    43 | D        | Found a radiant altar of Vehumet.
    43 | D        | Found a corrupted altar of Lugonu.
    44 | D        | Found a hide-covered altar of Uskayaw.
    44 | D        | Found an ancient bone altar of Kikubaaqudgha.
    44 | D        | Found a broken altar of Ashenzari.
    50 | D        | Became a worshipper of Makhleb the Destroyer
   188 | D        | Reached skill level 1 in Unarmed Combat
   188 | D        | Reached skill level 3 in Earth Magic
   188 | D        | Reached * piety under Makhleb
   189 | D        | Reached skill level 1 in Fighting
   189 | D        | Reached XP level 2. HP: 20/27 MP: 0/3
   329 | D        | Reached skill level 1 in Invocations
   342 | D        | Reached ** piety under Makhleb
   343 | D        | Reached skill level 1 in Armour
   357 | D        | Reached XP level 3. HP: 27/33 MP: 2/4
   600 | D        | Noticed an ogre
   600 | D        | Noticed a centaur
   601 | D        | Reached *** piety under Makhleb
   601 | D        | Noticed a water moccasin
   606 | D        | Killed a water moccasin
   606 | D        | Shot with an arrow by a centaur

Illustrated notes

Levels and vault maps discovered:
D:        pitsprint [storerooms_1, entrance_room_1, metal_vault_4, armoury_2,
          mini_pit_1, grid_room_1, main_hall_1, silver_pit, the_coven_3,
          the_vestibule_1, steel_vault_2, golden_pit, hallway_of_sentries,
          crystal_vault_2, iron_vault_2, final_vault]

Skill      XL: |  1  2  3 |
---------------+----------+-----
Dodging        | 2 |  2.4
Unarmed Combat | 1 2 |  2.0
Earth Magic    | 3 |  3.4
Fighting       | 1 |  1.5
Invocations    | 1 |  1.7
Armour         | 1 |  1.4
Stealth        | |  1.0
Spellcasting   | |  1.9
Transmutations | |  0.6

Action                   || total
-------------------------++-------
Melee: Unarmed           ||    25
 Cast: Sandblast         ||     7
Armor: Robe              ||    11
Dodge: Dodged            ||    19
